 Dungeon Crawl Stone Soup version 0.26.1 (webtiles) character file.

Game seed: 2950111819550712402

7526 pkoi the Grappler (level 10, 0/92 HPs)
             Began as a Troll Monk on Feb 5, 2021.
             Was an Elder of Nemelex Xobeh.
             Slain by a boulder beetle (11 damage)
             ... on level 8 of the Dungeon.
             The game lasted 00:11:16 (7899 turns).

pkoi the Grappler (Troll Monk)                      Turns: 7899, Time: 00:11:17

Health: 0/92       AC: 13    Str: 24    XL:     10   Next: 95%
Magic:  13/13      EV: 11    Int:  6    God:    Nemelex Xobeh [****..]
Gold:   835        SH:  0    Dex: 12    Spells: 9/9 levels left

rFire    . . .     SeeInvis .     - Unarmed
rCold    . . .     Faith    .   (no shield)
rNeg     . . .     Spirit   .   E - +0 steam dragon scales
rPois    .         Reflect  .   (helmet restricted)
rElec    .         Harm     .   (no cloak)
rCorr    .         Rampage  .   (gloves unavailable)
Will     .....                  (boots unavailable)
Stlth    ++........             p - amulet of the acrobat
HPRegen  0.65/turn              r - +4 ring of protection
MPRegen  0.13/turn              C - ring of flight

@: studying Fighting
A: large, unfitting armour, claws 3, regeneration 1, shaggy fur 1, tough skin 3
a: Renounce Religion, Evoke Flight, Draw Escape, Draw Destruction, Draw
Summoning, Triple Draw, Deal Four


You were on level 8 of the Dungeon.
You worshipped Nemelex Xobeh.
Nemelex Xobeh was greatly pleased with you.
You visited 2 branches of the dungeon, and saw 9 of its levels.
You also visited: Sewer.

You collected 913 gold pieces.
You spent 78 gold pieces at shops.

Inventory:

Missiles
 l - 2 silver boomerangs
 n - 8 javelins (quivered)
 o - 67 poisoned darts
 v - 11 boomerangs
Armour
 E - +0 steam dragon scales (worn)
Jewellery
 p - an amulet of the acrobat (around neck)
 r - a +4 ring of protection (left claw)
 C - a ring of flight (right claw)
Wands
 b - a wand of enslavement (9)
 D - a wand of acid (7)
Scrolls
 f - 2 scrolls of identify
 h - a scroll of enchant weapon
 i - 2 scrolls of remove curse
 j - 2 scrolls of magic mapping
 q - 2 scrolls of amnesia
 t - 3 scrolls of enchant armour
 w - 2 scrolls of blinking
Potions
 c - a potion of degeneration {unknown}
 d - a potion of haste
 e - 3 potions of curing
 g - 3 potions of flight
 k - a potion of mutation {unknown}
 m - a potion of brilliance {unknown}
 s - a potion of ambrosia
 u - a potion of might
 x - a potion of heal wounds {unknown}
 z - a potion of lignification {unknown}
Books
 a - a manual of Fighting


   Skills:
 + Level 3.7 Fighting
 + Level 6.5 Throwing
 + Level 0.0 Armour
 + Level 3.6 Dodging
 + Level 1.9 Stealth
 + Level 13.8 Unarmed Combat
 + Level 6.0 Invocations


You had 9 spell levels left.
You didn't know any spells.
Your spell library contained the following spells:

 Spells                   Type           Power        Failure   Level
 Magic Dart               Conj           0%           45%         1
 Shock                    Conj/Air       0%           45%         1
 Blink                    Tloc           N/A          58%         2
 Call Imp                 Summ           0%           58%         2
 Slow                     Hex            0%           58%         2
 Swiftness                Air            0%           58%         2
 Conjure Flame            Conj/Fire      0%           83%         3
 Mephitic Cloud           Conj/Pois/Air  0%           83%         3
 Static Discharge         Conj/Air       0%           83%         3
 Airstrike                Air            0%           99%         4
 Lightning Bolt           Conj/Air       0%           100%        5


Dungeon Overview and Level Annotations

Branches:
Dungeon (8/15)             Temple (1/1) D:4           Sewer (visited)
   Lair: D:8-11

Altars:
Ashenzari
Cheibriados
Dithmenos
Elyvilon
Fedhas
Gozag
Hepliaklqana
Kikubaaqudgha
Makhleb
Nemelex Xobeh
Okawaru
Qazlal
Ru
Sif Muna
Trog
Uskayaw
Vehumet
Wu Jian
Xom
Yredelemnul
Zin
The Shining One

Shops:
D:6 =   D:7 (

Annotations:
D:2 1 runed translucent door, Crazy Yiuf
D:8 2 transporters, SibleyIrresistible's ghost, novice TeAE


Innate Abilities, Weirdness & Mutations

You are too large for most types of armour.
You have claws for hands.
Your natural rate of healing is unusually fast.
You are covered in fur. (AC +1)
You have extremely tough skin. (AC +3)


Message History

You are too injured to fight recklessly!
You are too injured to fight recklessly!
You are too injured to fight recklessly!
You barely miss the boulder beetle.
The boulder beetle is severely wounded.
You claw the boulder beetle!
The boulder beetle is almost dead.
The boulder beetle bites you!
* * * LOW HITPOINT WARNING * * *
You scratch the boulder beetle but do no damage.
The boulder beetle is almost dead.
The boulder beetle completely misses you.
Unknown command.
You draw a card...
You have drawn Pain.
Press: ? - help, Shift-Dir - straight line, f - boulder beetle
Aim: a boulder beetle (almost dead)
The boulder beetle convulses!
The boulder beetle bites you!
You die...
Your body glows with a rainbow of weird colours and disappears.

#### ##..######
#8...⌠.⌠.# ###.##
#.B......# ......
#8.@.⌠.⌠.# ......#.
##[.####.# ........ ####
#.# .......# ## #.#
.##...# ##. #.###
.....#####..#########...#
.##.##..................#
###.##.###.........###.##
.....#.# #.........##..#


You could see a boulder beetle.

Vanquished Creatures
  Maggie (D:7)
  A shadow (D:7)
  2 wyverns
  A fire bat (D:8)
  A wraith (D:7)
  3 steam dragons
  A basilisk (D:7)
  Menkaure (D:6)
  An acid dragon (D:7)
  2 orc warriors
  2 swamp drakes (D:8)
  A black bear (D:6)
  A phantom (D:4)
  8 ogres
  6 centaurs
  A big kobold (Sewer)
  A gnoll sergeant (D:5)
  3 bullfrogs
  A water moccasin zombie (D:5)
  A wyvern skeleton (D:8)
  A killer bee (D:8)
  3 scorpions
  3 howler monkeys
  4 wights (D:6)
  3 orc priests
  3 hounds
  A centaur zombie (D:6)
  A centaur skeleton (D:6)
  4 orc wizards
  Terence (D:3)
  2 iguanas
  6 worker ants
  Natasha (thrice) (D:4)
  A worker ant zombie (D:5)
  Robin (D:4)
  10 adders
  14 gnolls
  A river rat (D:5)
  A shadow imp (D:5)
  2 oozes (D:1)
  2 adder zombies
  4 worms
  3 dart slugs (D:1)
  3 leopard geckos
  22 orcs
  4 ball pythons
  9 giant cockroaches
  13 goblins
  5 hobgoblins
  6 jackals (D:7)
  15 kobolds
  7 quokkas
  11 bats
  6 frilled lizards
  8 rats
222 creatures vanquished.

Vanquished Creatures (collateral kills)
  A two-headed ogre (D:4)
1 creature vanquished.

Vanquished Creatures (others)
  A tengu (D:8)
1 creature vanquished.

Grand Total: 224 creatures vanquished

Notes
Turn   | Place    | Note
-------+----------+-------------------------------------------
     0 | D:1      | pkoi the Troll Monk began the quest for the Orb.
     0 | D:1      | Reached XP level 1. HP: 22/22 MP: 0/0
   258 | D:1      | Reached XP level 2. HP: 28/29 MP: 1/1
   720 | D:1      | Reached skill level 4 in Unarmed Combat
   801 | D:1      | Reached XP level 3. HP: 36/36 MP: 2/2
  1300 | D:2      | Found a runed translucent door.
  1301 | D:2      | Noticed Crazy Yiuf
  1486 | D:2      | Reached skill level 1 in Throwing
  1502 | D:2      | Reached XP level 4. HP: 43/44 MP: 3/3
  1847 | D:3      | Noticed Terence
  1856 | D:3      | Killed Terence
  2044 | D:3      | Reached skill level 5 in Unarmed Combat
  2052 | D:3      | Reached XP level 5. HP: 8/50 MP: 4/4
  2559 | D:3      | Found a sparkling altar of Nemelex Xobeh.
  2613 | D:3      | Became a worshipper of Nemelex Xobeh the Trickster
  2613 | D:3      | Reached * piety under Nemelex Xobeh
  2613 | D:3      | Received a gift from Nemelex Xobeh
  2613 | D:3      | Reached ** piety under Nemelex Xobeh
  3148 | D:3      | Found a glowing golden altar of the Shining One.
  3148 | D:3      | Found an ornate altar of the Wu Jian Council.
  3327 | D:4      | Noticed Robin
  3408 | D:3      | Reached skill level 1 in Invocations
  3408 | D:3      | Reached XP level 6. HP: 52/59 MP: 5/5
  3440 | D:4      | Killed Robin
  3486 | D:4      | Reached skill level 6 in Unarmed Combat
  3520 | D:4      | Reached XP level 7. HP: 48/66 MP: 7/7
  3594 | D:4      | Found a staircase to the Ecumenical Temple.
  3610 | Temple   | Entered the Ecumenical Temple
  3860 | D:4      | Noticed Natasha
  3871 | D:4      | Killed Natasha
  3891 | D:4      | Noticed Natasha
  3903 | D:4      | Killed Natasha
  3978 | D:4      | Noticed Natasha
  3986 | D:4      | Killed Natasha
  4004 | D:4      | Noticed a two-headed ogre
  4055 | D:4      | Killed a two-headed ogre
  4056 | D:4      | Reached skill level 7 in Unarmed Combat
  4056 | D:4      | Reached XP level 8. HP: 23/74 MP: 8/10
  4290 | D:4      | Reached skill level 5 in Throwing
  4470 | D:5      | Entered Level 5 of the Dungeon
  4470 | D:5      | Received a gift from Nemelex Xobeh
  4470 | D:5      | Reached *** piety under Nemelex Xobeh
  4526 | D:5      | Found a glowing drain.
  4536 | Sewer    | Entered a sewer
  4632 | Sewer    | Found a white marble altar of Elyvilon.
  4952 | D:5      | Reached skill level 5 in Invocations
  5205 | D:5      | Reached skill level 8 in Unarmed Combat
  5460 | D:5      | Reached XP level 9. HP: 80/80 MP: 11/11
  5802 | D:5      | Found an ancient bone altar of Kikubaaqudgha.
  5855 | D:6      | Reached skill level 13 in Unarmed Combat
  5855 | D:6      | Reached XP level 10. HP: 88/88 MP: 12/12
  5941 | D:6      | Received a gift from Nemelex Xobeh
  5977 | D:6      | Found Miragi's Jewellery Emporium.
  5996 | D:6      | Bought a cursed ring of teleportation for 54 gold pieces
  5996 | D:6      | Bought a cursed amulet of inaccuracy for 24 gold pieces
  6036 | D:6      | Found the +6 lightning scales {run, rElec}
  6036 | D:6      | Noticed Menkaure
  6045 | D:6      | Killed Menkaure
  6152 | D:6      | Reached **** piety under Nemelex Xobeh
  6224 | D:6      | Received a gift from Nemelex Xobeh
  6465 | D:7      | Found a hide-covered altar of Uskayaw.
  6602 | D:7      | Found Otubiadi's Weapon Emporium.
  7549 | D:7      | Noticed Maggie
  7566 | D:7      | Killed Maggie
  7592 | D:7      | Identified a scroll of acquirement
  7592 | D:7      | Acquired a manual of Fighting
  7673 | D:8      | Found a radiant altar of Vehumet.
  7740 | D:8      | Found a transporter.
  7745 | D:8      | Noticed SibleyIrresistible's ghost (novice TeAE)
  7765 | D:8      | Found a transporter.
  7883 | D:8      | Noticed a boulder beetle
  7899 | D:8      | Slain by a boulder beetle

Illustrated notes

Levels and vault maps discovered:
D:1:      saegor_arrival_miasma, layout_loops_corners, minmay_misc_feat_doors,
          minmay_fountain_box, minmay_split_cup_large
D:2:      layout_basic, uniq_crazy_yiuf_cottage
D:3:      minmay_razor_zed, layout_loops_corners,
          nemelex_xobeh_ov_fountains_minmay, gammafunk_temple_overflow_pools,
          uniq_terence
D:4:      layout_cave_pools, temple_pool_b, chequers_serial_rivers_large_a,
          minmay_misc_feat_x, uniq_robin, uniq_natasha
D:5:      layout_cave_pods, kennysheep_mini, portal_sewer_entry_e
D:6:      layout_cave_pools, serial_column_ruins, column_ruins_hut_ruined,
          column_ruins_columns_dead_end, column_ruins_open_tiny,
          column_ruins_open_medium, serial_shops, nicolae_shop_stone,
          kennysheep_generic_room_14, uniq_menkaure
D:7:      minmay_klotski, layout_loops_ring, eat_drink_and_be_merry_uskayaw,
          serial_shops, shop_statue, uniq_maggie
D:8:      layout_rooms, lemuel_crystal_altar, gammafunk_ghost_stat_death,
          small_chamber_with_monster
Temple:   eino_temple_scatter_basement

Skill      XL: |  1  2  3  4  5  6  7  8  9 10 |
---------------+-------------------------------+-----
Unarmed Combat | 4 5 6 7 8 13 | 13.8
Throwing       | 1 2 3 4 5 6 |  6.5
Invocations    | 1 2 4 5 6 |  6.0
Dodging        | 3 |  3.6
Fighting       | 3 |  3.7
Stealth        | |  1.9

Action                   |  1- 3 |  4- 6 |  7- 9 | 10-12 || total
-------------------------+-------+-------+-------+-------++-------
Melee: Unarmed           |    70 |   174 |   175 |   196 ||   615
       Punch             |     1 |     1 |     5 |    17 ||    24
Invok: Draw Summoning    |       |       |     1 |       ||     1
       Draw Destruction  |       |       |       |     8 ||     8
  Use: Scroll            |       |       |    18 |     3 ||    21
       Potion            |       |       |     1 |       ||     1
 Stab: Sleeping          |     4 |     1 |     1 |     2 ||     8
       Distracted        |       |       |     1 |       ||     1
       Confused          |       |       |       |     2 ||     2
Armor: Robe              |    31 |    56 |    51 |    50 ||   188
       Steam dragon scal |       |       |       |    13 ||    13
Dodge: Dodged            |    47 |   107 |    94 |   114 ||   362
